SAAA
ROYSE CITY TARGARYENS @ CALGARY LYNX
08/30/2020
 
TOP OF THE 1ST
Royse City Targaryens batting - Pitching for Calgary Lynx : RHP Javier Peralta
Pitching: RHP Javier Peralta
Batting: LHB John Cossey 0-0: Fly out, F7 (Flyball, 7LMF)
Batting: RHB Johnny Foster 0-0: Ball
1-0: Ball
2-0: Called Strike
2-1: SINGLE (Groundball, 56D)
Batting: SHB Cedric Fields 0-0: Ball
1-0: SINGLE (Groundball, 34)
Johnny Foster to second
Runner from 2nd tries for 3rd, SAFE, throw made to third
Batting: LHB Steve Riggs 0-0: Ball
1-0: Ball
2-0: Called Strike
2-1: Reached on error, E4 (Groundball, 34)
Johnny Foster scores
Cedric Fields to second
Batting: RHB Bob Sargent 0-0: Called Strike
0-1: Ball
1-1: Ball
2-1: Ball
3-1: DOUBLE (Line Drive, 7LS)
Cedric Fields scores
Steve Riggs to third
Batting: LHB Andrés Ibarra 0-0: Ball
1-0: Called Strike
1-1: DOUBLE (Line Drive, 9LS)
Steve Riggs scores
Bob Sargent scores
Batting: RHB Andrew Weeks 0-0: Called Strike
0-1: Ball
1-1: Ball
2-1: Foul Ball, location: 2F
2-2: Foul Ball, location: 2F
2-2: Foul Ball, location: 2F
2-2: Foul Ball, location: 2F
2-2: Ball
3-2: Ground out 4-3 (Groundball, 34)
Andrés Ibarra to third
Batting: RHB Thomas Vaughan 0-0: Ball
1-0: SINGLE (Line Drive, 5D)
Andrés Ibarra scores
Batting: RHB Jonathan Widdop 0-0: Ball
1-0: Foul Ball, location: 2F
1-1: Ball
2-1: Foul Ball, location: 2F
2-2: Ball
3-2: Fly out, F2 (Popup, 2R)
Top of the 1st over - 5 run(s), 5 hit(s), 1 error(s), 1 left on base; Royse City 5 - Calgary 0
BOTTOM OF THE 1ST
Calgary Lynx batting - Pitching for Royse City Targaryens : LHP Zander Fry
Pitching: LHP Zander Fry
Batting: SHB Tom Craft 0-0: Ball
1-0: Called Strike
1-1: Ball
2-1: Ground out 5-3 (Groundball, 5S)
Batting: RHB Forest Simmons 0-0: Fly out, F9 (Flyball, 89M)
Batting: LHB Timmy Appeldoorn 0-0: Swinging Strike
0-1: Fly out, F7 (Flyball, 7M)
Bottom of the 1st over - 0 run(s), 0 hit(s), 0 error(s), 0 left on base; Royse City 5 - Calgary 0
TOP OF THE 2ND
Royse City Targaryens batting - Pitching for Calgary Lynx : RHP Javier Peralta
Batting: LHB John Cossey 0-0: Foul Ball, location: 2F
0-1: Ball
1-1: Ball
2-1: Swinging Strike
2-2: Ball
3-2: Strikes out swinging
Batting: RHB Johnny Foster 0-0: Foul Ball, location: 2F
0-1: Fly out, F2 (Popup, 23F)
Batting: SHB Cedric Fields 0-0: Called Strike
0-1: Ball
1-1: Ball
2-1: Foul Ball, location: 2F
2-2: Foul Ball, location: 2F
2-2: SINGLE (Popup, 6MD)
Batting: LHB Steve Riggs 0-0: Called Strike
0-1: Ball
1-1: Called Strike
1-2: SINGLE (Groundball, 4MD) (infield hit)
Cedric Fields to second
Batting: RHB Bob Sargent 0-0: Called Strike
0-1: DOUBLE (Line Drive, 3L)
Cedric Fields scores
Steve Riggs to third
Batting: LHB Andrés Ibarra 0-0: Ball
1-0: Ball
2-0: Called Strike
2-1: Ball
3-1: Called Strike
3-2: Foul Ball, location: 2F
3-2: Fly out, F7 (Flyball, 78M)
Top of the 2nd over - 1 run(s), 3 hit(s), 0 error(s), 2 left on base; Royse City 6 - Calgary 0
BOTTOM OF THE 2ND
Calgary Lynx batting - Pitching for Royse City Targaryens : LHP Zander Fry
Batting: RHB Pancho Salaedo 0-0: Ground out 5-3 (Groundball, 5S)
Batting: RHB Pepe Medina 0-0: Ball
1-0: Ball
2-0: Ball
3-0: Base on Balls
Batting: RHB Jim Browning Pickoff Throw to First - Error! E1
Pepe Medina to second
0-0: Ball
1-0: Foul Ball, location: 2F
1-1: Called Strike
1-2: Ball
2-2: Fly out, F6 (Popup, 6D)
Batting: RHB Wilbur James 0-0: Called Strike
0-1: SINGLE (Line Drive, 4)
Pepe Medina to third
Runner from 3rd tries for Home, SAFE, throw made home
Wilbur James to second
Batting: SHB Vasco Paradela 0-0: Ground out 6-3 (Groundball, 6)
Bottom of the 2nd over - 1 run(s), 1 hit(s), 1 error(s), 1 left on base; Royse City 6 - Calgary 1
TOP OF THE 3RD
Royse City Targaryens batting - Pitching for Calgary Lynx : RHP Javier Peralta
Batting: RHB Andrew Weeks 0-0: Ball
1-0: Ball
2-0: Ball
3-0: Called Strike
3-1: Foul Ball, location: 2F
3-2: Fly out, F9 (Flyball, 89M)
Batting: RHB Thomas Vaughan 0-0: Foul Ball, location: 2F
0-1: Hit by Pitch
Batting: RHB Jonathan Widdop 0-0: Ball
1-0: Called Strike
1-1: Swinging Strike
1-2: Ball
2-2: Foul Ball, location: 2F
2-2: Ball
3-2: Base on Balls
Thomas Vaughan to second
Batting: LHB John Cossey 0-0: Ball
1-0: Foul Ball, location: 2F
1-1: Foul Ball, location: 2F
1-2: Ball
2-2: Ball
3-2: Base on Balls
Thomas Vaughan to third
Jonathan Widdop to second
Batting: RHB Johnny Foster 0-0: Ball
1-0: Ball
2-0: Ball
3-0: Called Strike
3-1: Fly out, F6 (Popup, 56D)
Batting: SHB Cedric Fields 0-0: Called Strike
0-1: Ball
1-1: Foul Ball, location: 2F
1-2: Foul Ball, location: 2F
1-2: Fly out, F8 (Flyball, 8RM)
Top of the 3rd over - 0 run(s), 0 hit(s), 0 error(s), 3 left on base; Royse City 6 - Calgary 1
BOTTOM OF THE 3RD
Calgary Lynx batting - Pitching for Royse City Targaryens : LHP Zander Fry
Batting: RHB Steve Brewer 0-0: Foul Ball, location: 2F
0-1: Bunt missed!
0-2: Foul Ball, location: 2F
0-2: Ball
1-2: Strikes out swinging
Batting: SHB Tom Craft 0-0: Called Strike
0-1: Ball
1-1: Ball
2-1: Called Strike
2-2: SINGLE (Flyball, 9LS)
Batting: RHB Forest Simmons 0-0: Called Strike
0-1: Ball
1-1: Ball
2-1: Swinging Strike
2-2: Foul Ball, location: 2F
2-2: SINGLE (Groundball, 4MD)
Tom Craft to second
Batting: LHB Timmy Appeldoorn 0-0: Called Strike
0-1: Grounds into double play, 1-6-3 (Groundball, 15)
Bottom of the 3rd over - 0 run(s), 2 hit(s), 0 error(s), 1 left on base; Royse City 6 - Calgary 1
TOP OF THE 4TH
Royse City Targaryens batting - Pitching for Calgary Lynx : RHP Javier Peralta
Batting: LHB Steve Riggs 0-0: Ball
1-0: Ball
2-0: Fly out, F6 (Popup, 56D)
Batting: RHB Bob Sargent 0-0: Fly out, F9 (Flyball, 9M)
Batting: LHB Andrés Ibarra 0-0: Called Strike
0-1: Ground out 4-3 (Groundball, 4)
Top of the 4th over - 0 run(s), 0 hit(s), 0 error(s), 0 left on base; Royse City 6 - Calgary 1
BOTTOM OF THE 4TH
Calgary Lynx batting - Pitching for Royse City Targaryens : LHP Zander Fry
Batting: RHB Pancho Salaedo 0-0: Fly out, F7 (Flyball, 7M)
Batting: RHB Pepe Medina 0-0: Ball
1-0: Ball
2-0: Fly out, F3 (Popup, 3L)
Batting: RHB Jim Browning 0-0: Ball
1-0: Ball
2-0: SINGLE (Groundball, 5L)
Batting: RHB Wilbur James 0-0: Foul Ball, location: 2F
0-1: Foul Ball, location: 2F
0-2: Ball
1-2: Foul Ball, location: 2F
1-2: Ball
2-2: Strikes out swinging
Bottom of the 4th over - 0 run(s), 1 hit(s), 0 error(s), 1 left on base; Royse City 6 - Calgary 1
TOP OF THE 5TH
Royse City Targaryens batting - Pitching for Calgary Lynx : RHP Javier Peralta
Pitching: RHP Ánibal Sánchez
Batting: RHB Andrew Weeks 0-0: Foul Ball, location: 2F
0-1: Foul Ball, location: 2F
0-2: Ball
1-2: Ball
2-2: Ball
3-2: Ground out 5-3 (Groundball, 5)
Batting: RHB Thomas Vaughan 0-0: Called Strike
0-1: Foul Ball, location: 2F
0-2: DOUBLE (Flyball, 7LD)
Batting: RHB Jonathan Widdop 0-0: Ball
1-0: Ball
2-0: Fly out, F8 (Flyball, 8RM)
Batting: LHB John Cossey 0-0: Ball
1-0: Ball
2-0: Called Strike
2-1: Foul Ball, location: 2F
2-2: Fly out, F8 (Flyball, 8LM)
Top of the 5th over - 0 run(s), 1 hit(s), 0 error(s), 1 left on base; Royse City 6 - Calgary 1
BOTTOM OF THE 5TH
Calgary Lynx batting - Pitching for Royse City Targaryens : LHP Zander Fry
Batting: SHB Vasco Paradela 0-0: Called Strike
0-1: Swinging Strike
0-2: Ball
1-2: Ball
2-2: Ball
3-2: Base on Balls
Batting: RHB Steve Brewer 0-0: Fly out, F8 (Flyball, 8RM)
Batting: SHB Tom Craft 0-0: Called Strike
0-1: Ball
1-1: Foul Ball, location: 2F
1-2: Fly out, F8 (Flyball, 8LD)
Batting: RHB Forest Simmons 0-0: Ground out 4-3 (Groundball, 4)
Bottom of the 5th over - 0 run(s), 0 hit(s), 0 error(s), 1 left on base; Royse City 6 - Calgary 1
TOP OF THE 6TH
Royse City Targaryens batting - Pitching for Calgary Lynx : RHP Ánibal Sánchez
Batting: RHB Johnny Foster 0-0: Foul Ball, location: 2F
0-1: Ball
1-1: Ball
2-1: Ball
3-1: SINGLE (Flyball, 89S)
Batting: SHB Cedric Fields 0-0: Ball
1-0: Ball
2-0: Fly out, F9 (Line Drive, 9M)
Batting: LHB Steve Riggs 0-0: Called Strike
0-1: Swinging Strike
0-2: Ball
1-2: Strikes out swinging
Batting: RHB Bob Sargent 0-0: Ball
1-0: Foul Ball, location: 2F
1-1: Ball
2-1: Ball
3-1: Base on Balls
Johnny Foster to second
Batting: LHB Andrés Ibarra 0-0: Ball
1-0: Foul Ball, location: 2F
1-1: Swinging Strike
1-2: Strikes out looking
Top of the 6th over - 0 run(s), 1 hit(s), 0 error(s), 2 left on base; Royse City 6 - Calgary 1
BOTTOM OF THE 6TH
Calgary Lynx batting - Pitching for Royse City Targaryens : LHP Zander Fry
Batting: LHB Timmy Appeldoorn 0-0: Swinging Strike
0-1: Fly out, F9 (Flyball, 9M)
Batting: RHB Pancho Salaedo 0-0: Ball
1-0: Foul Ball, location: 2F
1-1: Fly out, F9 (Flyball, 9M)
Batting: RHB Pepe Medina 0-0: Ball
1-0: Fly out, F9 (Flyball, 9S)
Bottom of the 6th over - 0 run(s), 0 hit(s), 0 error(s), 0 left on base; Royse City 6 - Calgary 1
TOP OF THE 7TH
Royse City Targaryens batting - Pitching for Calgary Lynx : RHP Ánibal Sánchez
Batting: RHB Andrew Weeks 0-0: Fly out, F7 (Flyball, 78S)
Batting: RHB Thomas Vaughan 0-0: Ball
1-0: Ball
2-0: Ball
3-0: Base on Balls
Batting: RHB Jonathan Widdop 0-0: Foul Ball, location: 2F
0-1: SINGLE (Line Drive, 7S)
Thomas Vaughan to second
Batting: LHB John Cossey 0-0: Called Strike
0-1: Ball
1-1: Foul Ball, location: 2F
1-2: Ball
2-2: Strikes out swinging
Batting: RHB Johnny Foster 0-0: Ball
1-0: Swinging Strike
1-1: Foul Ball, location: 2F
1-2: Foul Ball, location: 2F
1-2: Foul Ball, location: 2F
1-2: Ball
2-2: Ball
3-2: Foul Ball, location: 2F
3-2: Strikes out swinging
Top of the 7th over - 0 run(s), 1 hit(s), 0 error(s), 2 left on base; Royse City 6 - Calgary 1
BOTTOM OF THE 7TH
Calgary Lynx batting - Pitching for Royse City Targaryens : LHP Zander Fry
Batting: RHB Jim Browning 0-0: Bunt missed!
0-1: Swinging Strike
0-2: Foul Ball, location: 2F
0-2: Foul Ball, location: 2F
0-2: Ball
1-2: Fly out, F6 (Popup, 6D)
Batting: RHB Wilbur James 0-0: Called Strike
0-1: Ground out 5-3 (Groundball, 56)
Batting: SHB Vasco Paradela 0-0: Ball
1-0: Called Strike
1-1: Ball
2-1: Ball
3-1: Base on Balls
Batting: RHB Steve Brewer 0-0: Called Strike
0-1: Ball
1-1: Foul Ball, location: 2F
1-2: Ball
2-2: Fly out, F8 (Flyball, 8RD)
Bottom of the 7th over - 0 run(s), 0 hit(s), 0 error(s), 1 left on base; Royse City 6 - Calgary 1
TOP OF THE 8TH
Royse City Targaryens batting - Pitching for Calgary Lynx : RHP Ánibal Sánchez
Pitching: LHP Spike Wells
Batting: SHB Cedric Fields 0-0: Called Strike
0-1: SINGLE (Flyball, 9LM)
Batting: LHB Steve Riggs 0-0: Called Strike
0-1: Ball
1-1: Ball
2-1: DOUBLE (Line Drive, 78M)
Cedric Fields to third
Batting: RHB Bob Sargent 0-0: Called Strike
0-1: Foul Ball, location: 2F
0-2: Fly out, F2 (Popup, 2RF)
Batting: LHB Andrés Ibarra 0-0: Called Strike
0-1: Fly out, F4 (Popup, 3D)
Batting: RHB Andrew Weeks 0-0: Foul Ball, location: 2F
0-1: Foul Ball, location: 2F
0-2: Ball
1-2: Ball
2-2: Ground out 4-3 (Groundball, 4)
Top of the 8th over - 0 run(s), 2 hit(s), 0 error(s), 2 left on base; Royse City 6 - Calgary 1
BOTTOM OF THE 8TH
Calgary Lynx batting - Pitching for Royse City Targaryens : LHP Zander Fry
Now at 3B: Charles Jordan
Now in RF: Markus Richardson
Batting: SHB Tom Craft 0-0: Swinging Strike
0-1: Ball
1-1: Foul Ball, location: 2F
1-2: Strikes out swinging
Pitching: RHP Sean Evans
Batting: RHB Forest Simmons 0-0: Ground out 4-3 (Groundball, 4)
Batting: LHB Timmy Appeldoorn 0-0: Foul Ball, location: 2F
0-1: Ball
1-1: Ball
2-1: Fly out, F7 (Flyball, 8LD)
Bottom of the 8th over - 0 run(s), 0 hit(s), 0 error(s), 0 left on base; Royse City 6 - Calgary 1
TOP OF THE 9TH
Royse City Targaryens batting - Pitching for Calgary Lynx : LHP Spike Wells
Pitching: RHP Jim Unknown
Batting: RHB Thomas Vaughan 0-0: Called Strike
0-1: Ball
1-1: SOLO HOME RUN (Flyball, 78XD), Distance : 419 ft
Batting: RHB Jonathan Widdop 0-0: Called Strike
0-1: Foul Ball, location: 2F
0-2: Strikes out looking
Batting: LHB John Cossey 0-0: Ball
1-0: Called Strike
1-1: Called Strike
1-2: Ground out 6-3 (Groundball, 6M)
Batting: RHB Johnny Foster 0-0: Called Strike
0-1: Ball
1-1: Foul Ball, location: 2F
1-2: Strikes out looking
Top of the 9th over - 1 run(s), 1 hit(s), 0 error(s), 0 left on base; Royse City 7 - Calgary 1
BOTTOM OF THE 9TH
Calgary Lynx batting - Pitching for Royse City Targaryens : RHP Sean Evans
Now at C: Bartolo Martínez
Batting: RHB Pancho Salaedo 0-0: Called Strike
0-1: Foul Ball, location: 2F
0-2: Ball
1-2: Foul Ball, location: 2F
1-2: Ground out 5-3 (Groundball, 5L)
Batting: RHB Pepe Medina 0-0: Called Strike
0-1: Ball
1-1: Foul Ball, location: 2F
1-2: SINGLE (Groundball, 56D)
Batting: RHB Jim Browning 0-0: Called Strike
0-1: Foul Ball, location: 2F
0-2: SINGLE (Line Drive, 56D)
Pepe Medina to second
Batting: RHB Wilbur James 0-0: Swinging Strike
0-1: DOUBLE (Groundball, 5L)
Pepe Medina scores
Jim Browning to third
Pitching: RHP Jim Unknown
Batting: SHB Vasco Paradela 0-0: Foul Ball, location: 2F
0-1: Ball
1-1: Foul Ball, location: 2F
1-2: Foul Ball, location: 2F
1-2: Ball
2-2: Fly out, F7 (Line Drive, 7S)
Batting: RHB Steve Brewer 0-0: Called Strike
0-1: Ball
1-1: Foul Ball, location: 2F
1-2: Strikes out swinging
Bottom of the 9th over - 1 run(s), 3 hit(s), 0 error(s), 2 left on base; Royse City 7 - Calgary 2
This league is powered by Out of the Park Baseball, the baseball management simulation game for PC, Mac and Linux
Friday, October 23rd, 2015 - OOTP Baseball 16.9 Build 39